 Dungeon Crawl Stone Soup version 0.31-a0-876-gfe8ebadbca (webtiles) character file.

Game seed: 18102093539944246819

102 BinkBink the Shield-Bearer (level 4, 0/37 (40) HPs)
             Began as a Minotaur Fighter on Oct 12, 2023.
             Succumbed to an orc priest's poison
             ... on level 4 of the Dungeon.
             The game lasted 00:04:31 (2036 turns).

BinkBink the Shield-Bearer (Minotaur Fighter)       Turns: 2036, Time: 00:04:31

HP:   0/37 (40)     AC:  7    Str: 26    XL:     4   Next: 50%
MP:   3/3           EV:  2    Int:  5    God:
Gold: 129           SH:  0    Dex: 12    Spells: 3/3 levels left

rFire   . . .        a - +0 long sword
rCold   . . .        n - +0 kite shield
rNeg    . . .        b - +0 scale mail
rPois   .            (helmet restricted)
rElec   .            (no cloak)
rCorr   .            (no gloves)
SInv    .            (no boots)
Will    .....        j - amulet of regeneration Stlth
                     l - +6 ring of strength
HPRegen 1.06/turn    c - ring of flight
MPRegen 0.08/turn

%: no passive effects
@: lethally poisoned (0 -> -5), flying, held, constricted, drained
A: horns 2, retaliatory headbutt
a: no special abilities


You were on level 4 of the Dungeon.
You visited 1 branch of the dungeon, and saw 4 of its levels.

You collected 129 gold pieces.

Inventory:

Hand Weapons
 a - a +0 long sword (weapon)
 s - a +0 hand axe
Armour
 b - a +0 scale mail (worn)
 n - a +0 kite shield (worn)
Jewellery
 c - a ring of flight (right hand)
 j - an amulet of regeneration (around neck)
 k - an amulet of the acrobat
 l - a +6 ring of strength (left hand)
 m - a ring of protection from fire
 q - a +6 ring of strength
Scrolls
 e - 3 scrolls of identify {unknown}
 f - a scroll of teleportation {unknown}
 h - 2 scrolls of vulnerability {unknown}
Potions
 d - 2 potions of might
 g - a potion of haste {unknown}
 i - a potion of berserk rage {unknown}
 o - a potion of curing {unknown}
 r - a potion of heal wounds {unknown}


   Skills:
 + Level 4.1 Fighting
 * Level 4.1 Long Blades
 + Level 4.1 Armour
 + Level 1.4 Dodging
 + Level 4.2 Shields


You had 3 spell levels left.
You didn't know any spells.
Your spell library contained the following spells:

 Spells                   Type           Power      Damage    Failure   Level
 Ensorcelled Hibernation  Hex/Ice        0%         N/A       98%         2
 Jinxbite                 Hex            0%         N/A       98%         2
 Sublimation of Blood     Necr           0%         N/A       98%         2
 Wereblood                Tmut           0%         N/A       98%         2
 Anguish                  Hex/Necr       0%         N/A       100%        4
 Summon Hydra             Summ           0%         N/A       100%        7


Dungeon Overview and Level Annotations

Branches:
Dungeon (4/15)
 Temple: D:4-7

Altars:
Yredelemnul


Innate Abilities, Weirdness & Mutations

You have a pair of horns on your head.
You reflexively headbutt those who attack you in melee.


Message History

The ball python constricts you.
An endoplasm comes into view.
The orc priest barely misses you. The goblin hits you with a +0 dagger.
The scorpion stings you. The gnoll hits you but does no damage.
You struggle against the net.
You feel very sick.
The goblin shouts!
The ball python bites you but does no damage.
The ball python constricts you.
The scorpion stings you but does no damage.
The gnoll hits you with a +0 club.
The gnoll hits you from afar with a +0 spear.
The goblin completely misses you.
The ball python bites you but does no damage.
The ball python constricts you.
You struggle against the net.
You feel sick.
The scorpion stings you but does no damage.
The gnoll hits you from afar with a +0 spear.
The gnoll hits you with a +0 club. The ball python bites you.
The ball python constricts you. The goblin hits you but does no damage.
The orc priest hits you but does no damage.
You are more poisoned.
The orc wizard hits you but does no damage.
You feel drained.
You struggle against the net.
You feel very sick.
The scorpion stings you but does no damage.
The ball python bites you. The ball python constricts you.
The gnoll hits you from afar with a +0 spear.
* * * LOW HITPOINT WARNING * * *
The gnoll hits you but does no damage.
The orc priest calls down the wrath of Beogh upon you.
Pain shoots through your body!
* * * LOW HITPOINT WARNING * * *
The goblin hits you but does no damage.
The orc wizard hits you but does no damage.
You feel drained.
As you read the scroll labelled QOKAIT REMOAL, it dissolves into smoke.
It was a scroll of fog.
You die...

..#.J..........!
[..##..$....#.....
............##...
.#.........# ...
.J......... [.
##.oo..(...## #.#
..§g......#
.....#osgo...##
......o@g.....#
...##.§Sg.....#
......o.....#
.......g......#
#.............#
#...##.......##
.... #.........
... ......##..


You could see a scorpion, an orc priest, 2 orc wizards, 3 gnolls, 3 orcs, 2
goblins and a ball python.

Vanquished Creatures
  2 adders (D:2)
  A worm (D:2)
  3 dart slugs
  2 orcs (D:3)
  9 ball pythons
  7 endoplasms
  6 giant cockroaches
  3 goblins (D:1)
  9 hobgoblins
  6 quokkas
  8 bats
  2 frilled lizards (D:3)
  3 kobolds
  6 rats
67 creatures vanquished.

Notes
Turn   | Place    | Note
-------+----------+-------------------------------------------
     0 | D:1      | BinkBink the Minotaur Fighter began the quest for the Orb.
     0 | D:1      | Reached XP level 1. HP: 19/19 MP: 0/0
   215 | D:1      | Reached XP level 2. HP: 27/27 MP: 1/1
   526 | D:1      | Reached XP level 3. HP: 33/33 MP: 2/2
   986 | D:2      | Reached skill level 1 in Dodging
  1207 | D:2      | Reached XP level 4. HP: 39/40 MP: 3/3
  1671 | D:3      | Noticed a water moccasin
  1929 | D:3      | Found a basalt altar of Yredelemnul.
  2030 | D:4      | Noticed a scorpion
  2036 | D:4      | Succumbed to an orc priest's poison

Illustrated notes

Levels and vault maps discovered:
D:1:      tarquinn_simple_flora_water_e, layout_basic, minmay_surrounded
D:2:      layout_basic
D:3:      layout_rooms, mainiacjoe_overflow_six_doors_small,
          lightli_corner_chamber
D:4:      minmay_diamond_boxcup, layout_rooms, mainiacjoe_overflow_catwalk,
          okawaru_metal_pillars_1_2, st_stairs_8

Skill      XL: |  1  2  3  4 |
---------------+-------------+-----
Long Blades    | 3 4 |  4.1
Shields        | 4 |  4.2
Dodging        | 1 |  1.4
Armour         | 4 |  4.1
Fighting       | 4 |  4.1

Action                     |  1- 3 |  4- 6 || total
---------------------------+-------+-------++-------
  Melee: Long sword        |    93 |    54 ||   147
         Headbutt          |    11 |     5 ||    16
    Use: Scroll            |       |     1 ||     1
 Armour: Scale mail        |    98 |    48 ||   146
  Dodge: Dodged            |    53 |    27 ||    80
  Block: Buckler           |    33 |     5 ||    38
         Kite shield       |       |    27 ||    27

Table legend: (Time is in decaauts)
 A = Elapsed time spent in this place.
 B = Non-inter-level travel time spent in this place.
 C = Inter-level travel time spent in this place.
 D = Time resting spent in this place.
 E = Time spent auto-exploring this place.
 F = Levels seen in this place.
 G = Mean time per level.
                   A        B        C        D        E       F      G
               +--------+--------+--------+--------+--------+-----+--------+
         Total |   2072 |   1942 |    130 |      0 |   1542 |   4 |  518.0 |
       Dungeon |   2072 |   1942 |    130 |      0 |   1542 |   4 |  518.0 |
               +--------+--------+--------+--------+--------+-----+--------+

Top non-repeatable levels by time:
     D:1: 859 daAuts
     D:2: 644 daAuts
     D:3: 548 daAuts
     D:4: 19 daAuts
